 Dungeon Crawl Stone Soup version 0.28.0-45-g0d030f2227 (webtiles) character file.

Game seed: 16254885964600905224

968 sking99 the Gusty (level 7, -4/60 HPs)
             Began as a Purple Draconian Air Elementalist on May 24, 2022.
             Was a Follower of Vehumet.
             Slain by a troll (7 damage)
             ... on level 5 of the Dungeon.
             The game lasted 00:15:41 (6599 turns).

sking99 the Gusty (DrAE)                            Turns: 6599, Time: 00:15:41

Health: -4/60      AC:  9    Str: 10    XL:     7   Next: 93%
Magic:  7/12       EV: 12    Int: 17    God:    Vehumet [*.....]
Gold:   182        SH:  0    Dex: 12    Spells: 3/13 levels left

rFire   . . .      SeeInvis .   i - staff of air
rCold   . . .      Faith    .   (no shield)
rNeg    . . .      Spirit   .   (armour unavailable)
rPois   .          Reflect  .   (helmet restricted)
rElec   +          Harm     .   f - +1 cloak {rCorr}
rCorr   +          Rampage  .   (no gloves)
Will    +....                   a - +0 pair of boots
Stlth   ++........              (no amulet)
HPRegen 0.20/turn               (no ring)
MPRegen 0.13/turn               (no ring)

@: no status effects
A: breathe power, AC +6, unfitting armour, cold-blooded
a: Breathe Dispelling Energy, Renounce Religion


You were on level 5 of the Dungeon.
You worshipped Vehumet.
Vehumet was aware of your devotion.
You visited 2 branches of the dungeon, and saw 6 of its levels.

You collected 182 gold pieces.

Inventory:

Armour
 a - a +0 pair of boots (worn)
 f - a +1 cloak of preservation (worn)
 k - a +0 kite shield
Magical Staves
 i - a staff of air (weapon)
Jewellery
 c - a ring of see invisible
 p - an amulet of reflection
Scrolls
 e - a scroll of amnesia
 h - 2 scrolls of teleportation
 o - 2 scrolls of identify
Potions
 b - a potion of haste {unknown}
 d - a potion of curing
 g - a potion of berserk rage {unknown}
 j - a potion of might {unknown}
 l - 2 potions of ambrosia {unknown}
 m - a potion of mutation {unknown}
 n - a potion of attraction {unknown}
 q - a potion of lignification {unknown}


   Skills:
 + Level 4.8 Fighting
 + Level 2.1 Dodging
 - Level 1.8 Stealth
 - Level 3.7 Spellcasting
 - Level 3.0 Conjurations
 * Level 7.2 Air Magic


You had 3 spell levels left.
You knew the following spells:

 Your Spells              Type           Power      Damage    Failure   Level
a - Shock                 Conj/Air       100%       1d9       1%          1
b - Static Discharge      Conj/Air       30%        N/A       3%          2
c - Swiftness             Air            41%        N/A       2%          3
d - Airstrike             Air            20%        N/A       9%          4

Your spell library contained the following spells:

 Spells                   Type           Power      Damage    Failure   Level
 Freeze                   Ice            12%        1d4       16%         1
 Sublimation of Blood     Necr           3%         N/A       24%         2
 Wereblood                Tmut           3%         N/A       24%         2
 Summon Hydra             Summ           1%         N/A       100%        7


Dungeon Overview and Level Annotations

Branches:
Dungeon (5/15)             Temple (1/1) D:4

Altars:
Dithmenos
Gozag
Hepliaklqana
Kikubaaqudgha
Okawaru
Sif Muna
Trog
Uskayaw
Vehumet
Zin
The Shining One

Shops:
D:1 (   D:4 [[:


Innate Abilities, Weirdness & Mutations

You can breathe bolts of dispelling energy.
Your rich purple scales are hard. (AC +6)
You cannot fit into any form of body armour.
You are cold-blooded and may be slowed by cold attacks.


Message History

You feel a surge of power!
The zap hits the troll.
The troll is heavily wounded.
Casting: Shock (safe; 1% risk of failure)
Confirm with . or Enter, or press ? or * to list all spells.
Aiming: Shock (safe; 1% risk of failure)
Press: ? - help, Shift-Dir - straight line, f/p - troll
Aim: a troll (heavily wounded, 74% to hit)
You feel a surge of power!
The zap hits the troll.
The troll is heavily wounded.
Casting: Shock (safe; 1% risk of failure)
Confirm with . or Enter, or press ? or * to list all spells.
Aiming: Shock (safe; 1% risk of failure)
Press: ? - help, Shift-Dir - straight line, f/p - troll
Aim: a troll (heavily wounded, 74% to hit)
You feel a surge of power!
The zap hits the troll!
The troll is severely wounded.
The troll barely misses you. The troll claws you. The troll barely misses you.
You hit the troll.
The troll is electrocuted.
You tail-slap the troll.
The troll is almost dead.
The troll bites you! The troll claws you. The troll completely misses you.
The troll bites you! The troll closely misses you. x2
You closely miss the troll.
The troll is almost dead.
The troll bites you! The troll claws you. x2
* * * LOW HITPOINT WARNING * * *
Okay, then.
You feel better. The troll bites you!
* * * LOW HITPOINT WARNING * * *
The troll misses you. x2
The troll bites you.
* * * LOW HITPOINT WARNING * * *
The troll claws you!
* * * LOW HITPOINT WARNING * * *
The troll barely misses you.
Your magical contamination has completely faded away.
There is a stone staircase leading up here.
The troll bites you!
* * * LOW HITPOINT WARNING * * *
The troll barely misses you. The troll claws you!
You die...

#.......#####.# #.#.#
#### #.#.#.#.#####.###
#.#.#####...
#.).....#.......#
#.#.......#.
#.#.#.#....##.#.#
#.#.####....
#..........##.#.###.#.#
##.#.
#..........##.#.....#.#
#...
#########.###.##......#
#### #.###.#.......# #
#.#.T@#...##### #
#.#.#.#...# #
#.#.#.#...# #.8
#.#.#.#...# .....
#.#.#.....# ......
#.#.###.#.# .#.#.8
#T#.# #.#.# #.#_#
#.#.###.#.##### # ##
#......<#...#.#


You could see a troll.

Vanquished Creatures
  A black bear (D:4)
  A necrophage (D:4)
  An ogre (D:4)
  2 phantoms
  4 scorpions
  A howler monkey (D:4)
  A hound (D:4)
  A bullfrog skeleton (D:5)
  An iguana (D:5)
  An orc wizard (D:4)
  A hound skeleton (D:4)
  6 adders
  A white imp (D:5)
  A worm (D:3)
  3 dart slugs
  7 orcs (D:4)
  6 bats
  5 endoplasms
  4 giant cockroaches
  5 goblins
  7 hobgoblins
  13 jackals
  A quokka (D:3)
  7 ball pythons
  2 frilled lizards (D:1)
  4 kobolds
  2 rats (D:1)
89 creatures vanquished.

Vanquished Creatures (others)
  6 fungi (D:3)
  8 plants (D:3)
14 creatures vanquished.

Grand Total: 103 creatures vanquished

Notes
Turn   | Place    | Note
-------+----------+-------------------------------------------
     0 | D:1      | sking99 the Draconian Air Elementalist began the quest for
                  | the Orb.
     0 | D:1      | Reached XP level 1. HP: 14/14 MP: 3/3
   394 | D:1      | Reached XP level 2. HP: 13/22 MP: 0/5
   515 | D:1      | Learned a level 2 spell: Static Discharge
   888 | D:1      | Found Jeleaxuw's Weapon Boutique.
  1175 | D:1      | Reached skill level 1 in Fighting
  1384 | D:1      | Reached XP level 3. HP: 28/28 MP: 3/6
  1875 | D:1      | Learned a level 3 spell: Swiftness
  2436 | D:2      | Noticed a phantom
  2459 | D:2      | Killed a phantom
  2460 | D:2      | Reached skill level 4 in Air Magic
  2460 | D:2      | Reached XP level 4. HP: 27/36 MP: 0/8
  2460 | D:2      | Reached XP level 5. HP: 31/41 MP: 0/9
  3199 | D:3      | Identified the +6 halberd of the Onslaught {protect, rF+
                  | Will+}
  3300 | D:3      | Found a radiant altar of Vehumet.
  3418 | D:3      | Became a worshipper of Vehumet
  3777 | D:3      | Learned a level 4 spell: Airstrike
  3816 | D:3      | Found a faded altar of an unknown god.
  4115 | D:4      | Reached XP level 6. HP: 50/50 MP: 5/10
  4181 | D:4      | Identified a scroll of acquirement
  4181 | D:4      | Acquired a +1 cloak of preservation
  4247 | D:4      | Reached skill level 5 in Air Magic
  4273 | D:4      | Found Fomanky's Antique Armour Shop.
  4379 | D:4      | Found Hidghauku's Antique Armour Shoppe.
  4671 | D:4      | Found Feedyec's Book Emporium.
  4756 | D:4      | Found a staircase to the Ecumenical Temple.
  4758 | D:4      | Reached * piety under Vehumet
  4758 | D:4      | Offered knowledge of Freeze by Vehumet.
  4801 | D:4      | Reached skill level 6 in Air Magic
  4801 | D:4      | Your scales start taking on a rich purple colour.
  4801 | D:4      | Reached XP level 7. HP: 58/58 MP: 9/12
  5374 | Temple   | Entered the Ecumenical Temple
  5710 | D:5      | Entered Level 5 of the Dungeon
  5718 | D:5      | Noticed a troll
  5795 | D:5      | Reached skill level 7 in Air Magic
  6388 | D:5      | Identified the +6 hunting sling of Getekhio {freeze, Will+}
  6539 | D:5      | Found a bloodstained altar of Trog.
  6553 | D:5      | HP: 1/60 [troll (10)]
  6599 | D:5      | HP: 3/60 [troll (7)]
  6599 | D:5      | Slain by a troll

Illustrated notes

Levels and vault maps discovered:
D:1:      evilmike_arrival_plus, layout_basic, serial_shops, shop_fountains
D:2:      layout_loops_cross, serial_rivers, chequers_serial_rivers_room_b,
          chequers_serial_rivers_small_a, chequers_serial_rivers_micro_a,
          chequers_serial_rivers_small_a
D:3:      layout_loops_ring, fiery_altar_vehumet,
          shapermc_ecumenical_altar_mp_urbaneastern
D:4:      layout_cave_pools, minmay_temple_entry_large_hall, serial_shops,
          nicolae_take_the_stairs, nicolae_shop_advertising_works
          [nicolae_subvault_shop_adworks], kennysheep_little_box
D:5:      layout_basic, minitemple, serial_glass, glass_columns_a,
          glass_columns_b, glass_columns_a, glass_columns_c
Temple:   compressed_dpeg_triangle_lava_temple

Skill      XL: |  1  2  3  4  5  6  7 |
---------------+----------------------+-----
Fighting       | 1 2 3 4 |  4.8
Conjurations   | 2 3 |  3.0
Air Magic      | 4 6 7 |  7.2
Spellcasting   | 3 |  3.7
Dodging        | 2 |  2.1
Stealth        | |  1.8

Action                   |  1- 3 |  4- 6 |  7- 9 || total
-------------------------+-------+-------+-------++-------
Melee: Unarmed           |     7 |       |       ||     7
       Tailslap          |     2 |       |     1 ||     3
       Staff             |     1 |       |     2 ||     3
 Cast: Shock             |    89 |    85 |    43 ||   217
       Static Discharge  |       |       |     7 ||     7
       Airstrike         |       |       |     2 ||     2
  Use: Scroll            |       |     6 |       ||     6
       Potion            |       |       |     1 ||     1
Armor: Skin              |    13 |     6 |     4 ||    23
Dodge: Dodged            |    29 |     6 |    17 ||    52
